 Dungeon Crawl Stone Soup version 0.26-a0-1222-g14533b3512 (webtiles) character file.

Game seed: 8299350186521349804

33 Gargoyl the Skirmisher (level 3, -1/35 HPs)
             Began as a Gnoll Abyssal Knight on Dec 31, 2020.
             Was a Follower of Lugonu.
             Slain by an iguana (9 damage)
             ... on level 2 of the Dungeon.
             The game lasted 00:01:39 (1114 turns).

Gargoyl the Skirmisher (Gnoll Abyssal Knight)       Turns: 1114, Time: 00:01:39

Health: -1/35      AC:  9    Str: 15    XL:     3   Next: 29%
Magic:  6/6        EV: 12    Int: 14    God:    Lugonu [*.....]
Gold:   53         SH:  0    Dex: 14    Spells: 3/3 levels left

rFire    . . .     SeeInvis .   a - +1 hand axe
rCold    . . .     Faith    .   (no shield)
rNeg     . . .     Spirit   .   i - +0 ring mail
rPois    .         Reflect  .   (no helmet)
rElec    .         Harm     .   c - +2 cloak
rCorr    .         Rampage  .   (no gloves)
Will     .....                  (no boots)
Stlth    +.........             (no amulet)
HPRegen  0.11/turn              (no ring)
MPRegen  0.10/turn              (no ring)

@: no status effects
A: distributed training, fangs 1, strong nose
a: Renounce Religion, Depart the Abyss


You were on level 2 of the Dungeon.
You worshipped Lugonu.
Lugonu was aware of your devotion.
You visited 1 branch of the dungeon, and saw 2 of its levels.
You visited the Abyss 1 time.

You collected 53 gold pieces.

Inventory:

Hand Weapons
 a - a +1 hand axe (weapon)
Armour
 c - a +2 cloak (worn)
 i - a +0 ring mail (worn)
Scrolls
 d - 2 scrolls of identify {unknown}
 e - a scroll of remove curse {unknown}
 f - a scroll of enchant weapon {unknown}
 g - a scroll of amnesia {unknown}
 h - a scroll of teleportation {unknown}
Potions
 b - a potion of ambrosia {unknown}
 j - 2 potions of degeneration {unknown}


   Skills:
 + Level 6.5 Fighting
 + Level 0.7 Short Blades
 + Level 0.7 Long Blades
 + Level 4.5 Axes
 + Level 0.7 Maces & Flails
 + Level 0.7 Polearms
 + Level 0.7 Staves
 + Level 0.7 Slings
 + Level 0.7 Bows
 + Level 0.7 Crossbows
 + Level 0.7 Throwing
 + Level 4.5 Armour
 + Level 2.6 Dodging
 + Level 0.7 Stealth
 + Level 0.7 Shields
 + Level 0.7 Unarmed Combat
 + Level 0.7 Spellcasting
 + Level 0.5 Conjurations
 + Level 0.5 Hexes
 + Level 0.5 Summonings
 + Level 0.5 Necromancy
 + Level 0.5 Translocations
 + Level 0.5 Transmutations
 + Level 0.5 Fire Magic
 + Level 0.5 Ice Magic
 + Level 0.5 Air Magic
 + Level 0.5 Earth Magic
 + Level 0.5 Poison Magic
 + Level 4.5 Invocations
 + Level 0.7 Evocations


You had 3 spell levels left.
You didn't know any spells.
Your spell library was empty.

Dungeon Overview and Level Annotations

Branches:
Dungeon (2/15)

Altars:
Nemelex Xobeh
Sif Muna
Uskayaw


Innate Abilities, Weirdness & Mutations

Your experience applies equally to all skills.
You have very sharp teeth.
Your uncanny sense of smell can sniff out nearby items.


Message History

You hit the iguana. You bite the iguana, but do no damage.
The iguana is heavily wounded.
The iguana closely misses you.
Unknown command.
You slash the iguana!
The iguana is almost dead.
The iguana bites you.
You completely miss the iguana.
The iguana is almost dead.
The iguana barely misses you.
You hit the iguana but do no damage.
The iguana is almost dead.
The iguana bites you.
* * * LOW HITPOINT WARNING * * *
The iguana closely misses you.
Unknown command.
You hit the iguana. Your bite misses the iguana.
The iguana is almost dead.
The iguana bites you!
You die...

### ..# ##.#### ...
.# # #.# .#
#.####.##.### ∆
#.......@l..#
####.#.##...#
#####.#.# ...# ##
####.....#.^ ...#
#.###.#......#..##..#
#................ ..#
##.#..#.....##......#
......#.....######.##
......#######


You could see an iguana.

Vanquished Creatures
  2 oozes (D:1)
  A leopard gecko (D:1)
  A giant cockroach (D:1)
  4 goblins (D:1)
  3 hobgoblins (D:1)
  4 jackals (D:1)
  A kobold (D:1)
  A bat (D:2)
  3 frilled lizards (D:1)
  A rat (D:1)
21 creatures vanquished.

Notes
Turn   | Place    | Note
-------+----------+-------------------------------------------
     0 | Abyss:1  | Gargoyl the Gnoll Abyssal Knight began the quest for the
                  | Orb.
     0 | Abyss:1  | Reached XP level 1. HP: 23/23 MP: 3/3
    67 | Abyss:1  | Noticed a ynoxinul
    72 | Abyss:1  | Noticed a large abomination
    74 | Abyss:1  | Noticed a small abomination
    79 | Abyss:1  | Noticed a ynoxinul
    89 | Abyss:1  | Noticed an ancient zyme
   107 | Abyss:1  | Noticed a rust devil
   114 | D:1      | Escaped the Abyss
   394 | D:1      | Found a sparkling altar of Nemelex Xobeh.
   424 | D:1      | Reached * piety under Lugonu
   425 | D:1      | Reached XP level 2. HP: 24/29 MP: 5/5
   763 | D:1      | Reached XP level 3. HP: 35/35 MP: 6/6
  1013 | D:2      | Found a hide-covered altar of Uskayaw.
  1016 | D:2      | Found a sparkling altar of Nemelex Xobeh.
  1071 | D:2      | Found a shimmering blue altar of Sif Muna.
  1114 | D:2      | Slain by an iguana

Illustrated notes

Levels and vault maps discovered:
D:1:      lemuel_arrival_lava_pool, layout_loops_cross,
          nemelex_xobeh_ov_fountains_minmay
D:2:      layout_loops_cross, old_standard_altar, minitemple, led_sif_pool,
          uniq_crazy_yiuf_cottage

Action                   || total
-------------------------++-------
Melee: Hand axe          ||    73
       Bite              ||    11
Invok: Depart the Abyss  ||     1
Armor: Leather armour    ||    12
       Ring mail         ||    16
Dodge: Dodged            ||    60

Table legend: (Time is in decaauts)
 A = Elapsed time spent in this place.
 B = Non-inter-level travel time spent in this place.
 C = Inter-level travel time spent in this place.
 D = Time resting spent in this place.
 E = Time spent auto-exploring this place.
 F = Levels seen in this place.
 G = Mean time per level.
                   A        B        C        D        E       F      G
               +--------+--------+--------+--------+--------+-----+--------+
         Total |   1119 |   1098 |     21 |      0 |    853 |   3 |  373.0 |
       Dungeon |   1005 |    984 |     21 |      0 |    786 |   2 |  502.5 |
         Abyss |    114 |    114 |      0 |      0 |     67 |   1 |  114.0 |
               +--------+--------+--------+--------+--------+-----+--------+

Top non-repeatable levels by time:
     D:1: 902 daAuts
 Abyss:1: 114 daAuts
     D:2: 102 daAuts
